Cogmind - Beta 15 @@@ ROGUE MODE // 2025.06.16 @ 22:46:33 Player: puppuppit Result: Destroyed by G-47 Trooper with Particle Gun Performance ------------- Evolutions (0) 0 Regions Visited (1) 200 Robots Destroyed (18) 90 Value Destroyed (229) 229 Prototype IDs (0) 0 Alien Tech Used (0) 0 Bonus (0) 0 TOTAL SCORE: 519 Bonus ------- None Cogmind --------- Core Integrity 0/250 Matter 258/300 Energy 100/100 System Corruption 1% Temperature Cool (19) Movement Core (150) Ox2 Location -10/Materials Parts ------- > --- POWER (1) -------- (None) > --- PROPULSION (2) --- (None) > --- UTILITY (2) ------ Small Storage Unit > --- WEAPON (2) ------- Small Laser Light Assault Rifle > --- INVENTORY (8) ---- Large Matter Pod (63) Large Matter Pod (0) Large Matter Pod (0) Peak State ------------ > --- POWER ------------ Ion Engine > --- PROPULSION ------- Light Treads Light Treads > --- UTILITY ---------- Small Storage Unit Improved Terrain Scanner > --- WEAPON ----------- Assault Rifle Light Assault Rifle > --- INVENTORY -------- (None) [Rating: 9] Favorites ----------- Power Ion Engine Engine Ion Engine Propulsion Light Treads Treads Light Treads Utility Small Storage Unit Device Improved Terrain Scanner Storage Small Storage Unit Processor Targeting Computer Weapon Light Assault Rifle Energy Gun Small Laser Ballistic Gun Light Assault Rifle Build | -11 -10 ------- Run | Yrd Mat Slots Evolved . | . . Power . | . . Propulsion . | . . Utility . | . . Weapon . | . . Parts Attached 10 | 7 3 Power 1 | 1 . Engine 1 | 1 . Core . | . . Reactor . | . . Propulsion 2 | 2 . Treads 2 | 2 . Leg . | . . Wheel . | . . Hover . | . . Flight . | . . Utility 3 | 2 1 Device 1 | 1 . Storage 1 | 1 . Processor 1 | . 1 Hackware . | . . Protection . | . . Artifact . | . . Weapon 4 | 2 2 Energy Gun 1 | . 1 Energy Cannon . | . . Ballistic Gun 3 | 2 1 Ballistic Cannon . | . . Launcher . | . . Special Weapon . | . . Impact Weapon . | . . Slashing Weapon . | . . Piercing Weapon . | . . Special Melee Weapon . | . . Unidentified Prototypes . | . . Parts Lost 6 | . 6 Power 1 | . 1 Propulsion 2 | . 2 Utility 1 | . 1 Weapon 2 | . 2 Highest Loss Streak 6 | . 6 To Critical Strikes . | . . Average Backups 1 | . 1 Power . | . . Propulsion . | . . Utility 1 | . 1 Weapon . | . . Tool/Special . | . . Unused Backups 4 | 1 3 Power . | . . Propulsion 1 | 1 . Utility 3 | . 3 Weapon . | . . Tool/Special . | . . Average Slot Usage (%) 94 | . 94 Engine 12 | . 12 Treads 25 | . 25 Device 4 | . 4 Storage 14 | . 14 Processor 8 | . 8 Energy Gun 1 | . 1 Ballistic Gun 25 | . 25 Peak Build Rating 9 | 9 9 Average Rating 6 | 6 7 On Entrance 4 | . 9 Naked Turns . | . . Heaviest Build 14 | 14 14 Greatest Support 40 | 40 40 Greatest Overweight (x) 2 | . 2 Average Overweight (x) . | . . Largest Inventory Capacity 8 | 8 8 Average Capacity 7 | 7 8 Most Carried 4 | 1 4 Average Carried 1 | . 2 Final Capacity 8 | 8 8 Final Carried 3 | . 3 Class Distribution -------------------- 100% | Mutant Dominant Class ---------------- Mutant | -10/Materials Resources | -11 -10 ----------- Run | Yrd Mat Matter Collected 475 | 282 193 Remotely . | . . Salvage Created 526 | 194 332 Parts 38 | 18 20 Haulers Intercepted . | . . Recyclers Shooed 2 | . 2 Parts Field Recycled . | . . Retrieved Matter . | . . Parts Self-Destructed . | . . Prevented . | . . Kills | -11 -10 ------- Run | Yrd Mat Combat Hostiles Destroyed 9 | . 9 Guns 9 | . 9 Classes Destroyed 5 | 3 2 Worker 3 | 2 1 Tunneler 4 | 4 . Recycler 2 | 1 1 Swarmer 5 | . 5 Grunt 4 | . 4 Best Kill Streak 7 | 4 7 Combat Bots Only 6 | . 6 Max Kills in Single Turn 1 | 1 1 Gunslinging . | . . Exploded . | . . Melee . | . . Uniques/NPCs Destroyed . | . . Combat | -11 -10 -------- Run | Yrd Mat Hostile Shots Fired 132 | . 132 Missed 38 | . 38 Hits 94 | . 94 Projectile 94 | . 94 Critical Strikes 1 | . 1 Damage Taken 966 | . 966 Core 262 | . 262 Absorbed by Shields . | . . Core Remaining (%) 100 | 100 . Volleys Fired 55 | 12 43 Largest 2 | 2 2 Hottest 60 | 40 60 Shots Fired 108 | 24 84 Gun 108 | 24 84 Cannon . | . . Launcher . | . . Special . | . . Kinetic 96 | 24 72 Thermal 12 | . 12 Explosive . | . . Electromagnetic . | . . Robot Hit Streak 10 | 4 10 Robot Miss Streak 4 | 4 3 Penetration Max . | . . Secondary Targets 2 | . 2 Max Gunslinging Chain 1 | . 1 Shots Hit Robots 63 | 13 50 Core Hits 28 | 9 19 Critical Kills . | . . Critical Parts Destroyed . | . . Critical Strikes . | . . Melee Attacks . | . . Impact . | . . Slashing . | . . Piercing . | . . Sneak Attacks . | . . Combat Hostiles . | . . Follow-up Attacks . | . . Damage Inflicted 674 | 157 517 Guns 674 | 157 517 Cannons . | . . Explosions . | . . Melee . | . . Ramming . | . . Kinetic 575 | 157 418 Thermal 99 | . 99 Explosive . | . . Electromagnetic . | . . Impact . | . . Slashing . | . . Piercing . | . . Highest Corruption 1 | . 1 Average Corruption 1 | . 1 Corruption Purged . | . . Corruption Blocked . | . . Overload Shots . | . . Overflow Damage . | . . Projectiles . | . . Explosions . | . . Melee . | . . Knockbacks . | . . Impact . | . . Kinetic . | . . Secondary . | . . Self-Inflicted Damage . | . . Shots . | . . Rammed . | . . Targets Rammed . | . . Kicked . | . . Crushed . | . . Highest Temperature 68 | . 68 Average Temperature 15 | . 15 Received Heat Transfer 363 | . 363 Siege Activations . | . . Martial Activations . | . . Shielding Activations . | . . Robots Disrupted . | . . Combat Hostiles . | . . Robots Corrupted . | . . Combat Hostiles . | . . Parts Fried . | . . Impact Corruptions . | . . Robots Melted . | . . Combat Hostiles . | . . Parts Melted . | . . Heat Transferred 225 | . 225 Parts Sabotaged . | . . Parts Stolen . | . . Parts Stripped . | . . Power Chain Reactions . | . . Alert | -11 -10 ------- Run | Yrd Mat Maximum Alert Level . | . . Low Security (%) 100 | 100 100 Level 1 . | . . Level 2 . | . . Level 3 . | . . Level 4 . | . . Level 5 . | . . High Security . | . . Max Security . | . . Peak Influence 180 | 15 180 Initial . | . . Average 32 | 2 45 Influence Increases 336 | 35 301 Destroy 0b10 Robot/C 180 | . 180 Destroy 0b10 Robot/NC 45 | 35 10 Destroy Leader 30 | . 30 Successful Hack 6 | . 6 Lose Combat Pursuer 75 | . 75 Influence Decreases 201 | 35 166 Time Decay 141 | 35 106 Lost Part 60 | . 60 Squads Dispatched 2 | . 2 Investigation 1 | . 1 Extermination . | . . Reinforcement 1 | . 1 Assault . | . . Garrison . | . . Intercept . | . . Searches Triggered . | . . Construction Impeded . | . . Haulers Reinforced . | . . Active Scanning Responses . | . . Cargo Convoy Interrupts . | . . Stealth | -11 -10 --------- Run | Yrd Mat Distress Signals 2 | . 2 Communications Jammed . | . . Distress Signals . | . . Times Spotted 19 | . 19 Peak Tracking Total 12 | . 12 Tactical Retreats 2 | . 2 Traps | -11 -10 ------- Run | Yrd Mat Traps Triggered 1 | . 1 Indirectly . | . . Trap Hack Attempts . | . . Triggered . | . . Disarmed . | . . Reprogrammed . | . . Reused . | . . Traps Extracted . | . . Installed . | . . Triggered . | . . Machines | -11 -10 ---------- Run | Yrd Mat Machines Disabled . | . . Max in Single Turn . | . . Machines Repaired . | . . Machines Dismantled . | . . Machines Sabotaged . | . . Overloaded Fab Kills . | . . Hacking | -11 -10 --------- Run | Yrd Mat Machines Accessed 2 | . 2 Terminals 2 | . 2 Fabricators . | . . Repair Stations . | . . Recycling Units . | . . Scanalyzers . | . . Garrison Access . | . . Total Hacks 7 | . 7 Successful 2 | . 2 Failed 5 | . 5 Catastrophic 2 | . 2 Database Lockouts . | . . Manual 7 | . 7 Terminals 7 | . 7 Fabricators . | . . Repair Stations . | . . Recycling Units . | . . Scanalyzers . | . . Garrison Access . | . . Terminal Hacks 1 | . 1 Terminal Index 1 | . 1 Fabricator Hacks . | . . Repair Station Hacks . | . . Recycling Unit Hacks . | . . Scanalyzer . | . . Garrison Access Hacks . | . . Unauthorized Hacks 1 | . 1 Terminals 1 | . 1 Botnet 1 | . 1 Fabricators . | . . Repair Stations . | . . Recycling Units . | . . Scanalyzers . | . . Garrison Access . | . . Data Cores Recovered . | . . Used . | . . Hacking Detections 2 | . 2 Full Trace Events 1 | . 1 Feedback Events . | . . Feedback Blocked . | . . Robot Schematics Acquired . | . . Robots Built . | . . Authchips . | . . Time . | . . Total Robot Build Rating . | . . Part Schematics Acquired . | . . Parts Built . | . . Authchips . | . . Time . | . . Total Part Build Rating . | . . Parts Repaired . | . . Time . | . . Parts Recycled . | . . Recycled Matter . | . . Retrieved Matter . | . . Retrieved Components . | . . Parts Scanalyzed . | . . Part Schematics Acquired . | . . Parts Damaged . | . . Bothacking | -11 -10 ------------ Run | Yrd Mat Used RIF Installer . | . . Robots Hacked . | . . Non-combat . | . . Combat . | . . Robot Hacks Applied . | . . Relay Couplers Released . | . . Fabnet Peak Effective % . | . . Robots Rewired . | . . Allies Hacked . | . . Hacks Repelled . | . . Allies | -11 -10 -------- Run | Yrd Mat Total Allies . | . . Largest Group . | . . Highest-Rated Group . | . . Highest-Rated Ally . | . . Total Orders . | . . Ally Attacks . | . . Total Damage . | . . Kills . | . . Allies Corrupted . | . . Allies Melted . | . . Intel | -11 -10 ------- Run | Yrd Mat Active Infowar (turns) 154 | 50 104 Terrain 154 | 50 104 Robot Analysis Total . | . . Derelict Logs Recovered . | . . Drone Launches . | . . Drone Recoveries . | . . Exploration | -11 -10 ------------- Run | Yrd Mat Turns Passed 461 | 131 330 Spaces Moved 183 | 56 127 Core 5 | 3 2 Treads 178 | 53 125 Legs . | . . Wheels . | . . Hover . | . . Flight . | . . Fastest Speed 50 | 50 150 Average Speed 158 | 154 159 Slowest Speed 160 | 160 160 Overloaded Moves . | . . Propulsion Burnouts . | . . Robots Hopped . | . . Potential Cave-ins . | . . Cave-ins Triggered . | . . Exploration Rate (%) 15 | 4 27 Regions Visited 1 Branch Regions . Pre-discovered Areas . | . . Known Exits Taken . | . . Unknown Exits Taken 1 | 1 . Scrap Searched . | . . Spaces Dug . | . . Terrain Destroyed . | . . Melee . | . . Projectile . | . . AOE . | . . Terrain Rammed . | . . Walls Destroyed . | . . Machines Disabled . | . . Actions | -11 -10 --------- Run | Yrd Mat Total 254 | 76 178 Wait . | . . Move 182 | 55 127 Hop . | . . Pick Up 5 | 1 4 Fast Attach 8 | 7 1 Attach 1 | . 1 Detach . | . . Swap 2 | . 2 Drop 1 | 1 . Fire 55 | 12 43 Melee . | . . Ram . | . . Kick . | . . Crush . | . . Escape Stasis . | . . Rewire . | . . Trap . | . . Miscellaneous . | . . Route ------- -11/Scrapyard -10/Materials (discovered 1 exit: [*Min]) History --------- Turn | Location | Event 2 | -11/Scrapyard | Met Revision 17 4 | -11/Scrapyard | Discovered new exit (range 15) 132 | -11/Scrapyard | Entered Materials 165 | -10/Materials | Discovered new exit (range 16) 314 | -10/Materials | Build established: Mutant 424 | -10/Materials | Core integrity fell below 50% 442 | -10/Materials | Core integrity fell below 20% 462 | -10/Materials | Destroyed by G-47 Trooper with Particle Gun Last Messages --------------- 00417_ S-10 Pest destroyed. 00418_ K-01 Serf collects debris. 00423_ Acquired Lgt. Assault Rifle. 00424_ S-10 Pest destroyed. 00425_ Lgt. Treads destroyed. 00425_ K-01 Serf collects debris. 00430_ Ion Engine destroyed. 00430_ Lgt. Treads destroyed. 00431_ K-01 Serf collects debris. 00432_ Lgt. Assault Rifle destroyed. 00434_ K-01 Serf collects debris. 00435_ Targeting Computer destroyed. 00437_ K-01 Serf collects debris. 00443_ S-10 Pest destroyed. 00443_ Switching to secondary target: G-47 Trooper. 00444_ K-01 Serf collects debris. 00446_ K-01 Serf destroyed. 00448_ K-01 Serf collects debris. 00453_ Critical hit (Burn: +37). 00453_ K-01 Serf collects debris. Map ----- +----------------------------------------------------+ | ?????????????????????????????????????????????????? | | ?????????????????????????????????????????????????? | | ?????????????????????????????????????????????????? | | ?????????????????????????????????????????????????? | | ?????????????????????????????????????????????????? | | ???????????????????????????????????????????? ???? | | ???????????????????????????????????????????? #??? | | ???????????????????????????????????????????" #??? | | ??????????????????????????????????????????? # ?? | | ?????????????????????????????????? ???? ?? #??? | | ???????????? ???????????????????###+## """ #??? | | ????????? ??????????????????# """ #??? | | ??????? ??????????????????# """ +??? | | ?????# ??????????????????# #??? | | ?????# ??????????????????# #??? | | ?????# ??????????????????# """ #?"? | | ?????# ?????????????????# """ #??? | | ?????# ?????????????????# """ #??? | | ?????# ?????????????????# #??? | | ?????# ?????????????????# !#??? | | ?????# ?????#######?????# #??? | | ?????# ###### ####### "T" ###? | | ?????# ! """ #? | | ?????# ## | | ?????# r = w #? | | ?????# ######[%%@=##########+#### ####? | | ?? ???#####g#####?#??? #! #???? | | ?? ????# g=% #??#?# # #??## | | ?? ????# =%! =#???##[[[ #= #? | | ???### ?????# * %/* ?#[[[ # #? | | ?????# ?????# ######[[ # #? | | ?????# ??????# """ """ #????# # # | | ?????# ??????# """ """ #??########## # | | ?????# ???????# """ """ #??# + + | | ?????# ???????# #?## # # | | ?????# ????????########??#??# # # | | ??????? ?????????????????????# [# #? | | ????????? ??????????????????????# =+ #? | | ????????????????????????????????# ! [#* #?? | | ????????????????????????????????# # #?### | | ????????????????????????????????# # ##### | | ????????????????????????????????# # # | | ????????????????????????????????########## # " | | ??????????????????????????#??????????????# + " | | ?????????????????????????????????????????# # | | ?????????????????????????????????????????# ##### | | ????????????????????????????????????????# ???? | | ???????????????????????????????????????# ???? | | ??????????????????????????#????????????# ??? | | ???????????????????????????????????????# < ??? | +----------------------------------------------------+ Best States ------------- Heat Dissipation 25 Energy Generation 10 Energy Capacity 250 Matter Stores 300 Matter Capacity 300 Sight Range 16 Terrain Scan Range 16 Terrain Scan Density 10 Evasion (%) 40 Targeting Accuracy 5 Recoil Reduction 2 Item Schematics ----------------- None Robot Schematics ------------------ None Fabricated ------------ Nothing Repaired ---------- Nothing Alien Tech Used ----------------- None Achievements -------------- None Challenges ------------ None Game ------ Seed NeutrinoExperimentalParser Manual? 0 Play Time 00:04:05 Cumulative 299.8 hours Start 2025.06.16 @ 22:44:14 End 2025.06.16 @ 22:46:33 Sessions 1 Manual Loads 0 Difficulty Rogue Special Mode None Game No. 187 Rogue 187 Adventurer 0 Explorer 0 Win Type - Total 4 Types 2/0/1/1/0/0/0/0/0/0 Lore% 82 Gallery% 70 Achievement% 66 Wizard Run 0 Options --------- Layout 2 ASCII 0 Keyboard 1 Movement Vi Keybinds 0 Fullscreen 1 Font 16/Tamsyn Map View 55x47 Zoom Use 0% Tactical HUD 1 Map Filters NONE Filters NONE Steam 0 RUN: 38f8175f-4ba7-4d0b-acbf-0d4ba7442a72